 Dungeon Crawl Stone Soup version 0.29.1-15-g9cfb28693d (webtiles) character file.

Game seed: 2552990466202159887

30 protoss039 the Digger (level 3, 18/26 HPs)
             Began as a Demonspawn Earth Elementalist on Mar 25, 2023.
             Got out of the dungeon alive.
             The game lasted 00:01:13 (1253 turns).

protoss039 the Digger (DsEE)                        Turns: 1253, Time: 00:01:13

Health: 18/26      AC:  2    Str:  8    XL:     3   Next: 5%
Magic:  6/6        EV: 12    Int: 18    God:
Gold:   51         SH:  0    Dex: 13    Spells: 3/6 levels left

rFire   . . .      SeeInvis .   e - +0 club
rCold   . . .      Faith    .   (no shield)
rNeg    . . .      Spirit   .   a - +0 robe
rPois   .          Reflect  .   (no helmet)
rElec   .          Harm     .   (no cloak)
rCorr   .          Rampage  .   (no gloves)
Will    .....                   (no boots)
Stlth   ++........              (no amulet)
HPRegen 0.08/turn               (no ring)
MPRegen 0.10/turn               (no ring)

@: no status effects
A: demonic guardian 1, demonic touch 1
a: no special abilities


You escaped.
You visited 1 branch of the dungeon, and saw 2 of its levels.

You collected 51 gold pieces.

Inventory:

Hand Weapons
 e - a +0 club (weapon)
Armour
 a - a +0 robe (worn)
Magical Staves
 f - a staff of cold
Scrolls
 c - 2 scrolls of blinking {unknown}
 d - 3 scrolls of teleportation {unknown}
Potions
 b - a potion of magic
 g - a potion of heal wounds {unknown}
 h - 2 potions of mutation {unknown}


   Skills:
 + Level 1.4 Fighting
 - Level 1.7 Dodging
 - Level 1.7 Stealth
 + Level 2.4 Spellcasting
 - Level 0.8 Transmutations
 + Level 3.1 Earth Magic


You had 3 spell levels left.
You knew the following spells:

 Your Spells              Type           Power      Damage    Failure   Level
a - Sandblast             Erth           26%        2d8       4%          1
b - Passwall              Tmut/Erth      7%         N/A       12%         2

Your spell library contained the following spells:

 Spells                   Type           Power      Damage    Failure   Level
 Stone Arrow              Conj/Erth      14%        3d7       26%         3
 Portal Projectile        Hex/Tloc       4%         N/A       45%         3
 Tukima's Dance           Hex            2%         N/A       45%         3
 Petrify                  Tmut/Erth      9%         N/A       58%         4
 Blade Hands              Tmut           2%         N/A       98%         5


Dungeon Overview and Level Annotations

Branches:
Dungeon (2/15) Zot: 10728

Altars:


Innate Abilities, Weirdness & Mutations

A weak demonic guardian rushes to your aid.
Your touch may inflict minor irresistible damage on your foes.


Message History

You are very lightly contaminated with residual magic.
Nothing appears to happen.
You feel sick. The adder completely misses you. The adder closely misses you.
Casting: Sandblast (safe; 6% risk of failure)
Confirm with . or Enter, or press ? or * to list all spells.
Aiming: Sandblast (safe; 6% risk of failure)
Press: ? - help, Shift-Dir - straight line, f/p - adder
Aim: an adder (heavily wounded, 70% to hit)
The blast of sand hits the adder.
The adder is almost dead.
You feel sick. The adder barely misses you.
Unknown command.
Casting: Sandblast (safe; 6% risk of failure)
Confirm with . or Enter, or press ? or * to list all spells.
Aiming: Sandblast (safe; 6% risk of failure)
Press: ? - help, Shift-Dir - straight line, f/p - adder
Aim: an adder (almost dead, 70% to hit)
The blast of sand hits the adder.
You kill the adder!
You feel sick.
You are no longer poisoned.
You have reached level 3!
Your experience leads to an increase in your attributes!
Increase (S)trength, (I)ntelligence, or (D)exterity?
You feel clever. x2; Your demonic ancestry asserts itself...
You feel the presence of a demonic guardian.
Unknown command.
Unknown command.
Your magical contamination has completely faded away.
There is a stone staircase leading up here.
You climb upwards.
There is a stone staircase leading down here.
Unknown command.
Unknown command.
There is a stone staircase leading down here.
Magic restored.
You see here a +0 dagger.
There is a staircase leading out of the dungeon here.
Are you sure you want to leave the Dungeon?
This will make you lose the game!
You have escaped!

...........)##.....##..........).
###.########.#######.###....#####
#.#.## ##.# #.## ####.# .....#
#.## ##.# #.# ..#..## #..###..#
#.# ..#...# ##..#..########.#
..#.#.# #..#..#......#.# .>#.#.##
##...##.####.#.# ....#..#
#.@.##.# #.#.# ..####.#####
##...##.####.#.# ...)..)....#
#..#..#........#
.#.###..##.###..#..######'#####
...# ##.##.##.(###..# #......#
.### #.##.##.## ##.# #......###
.######....##.# #.## #.........
#..........#.## ##.###.......##
#...).......#########.........##


There were no monsters in sight!

Vanquished Creatures
  An adder (D:2)
  A dart slug (D:1)
  6 goblins (D:1)
  A hobgoblin (D:1)
  3 kobolds (D:1)
  2 quokkas (D:1)
  2 ball pythons (D:1)
  2 frilled lizards (D:1)
  A rat (D:1)
19 creatures vanquished.

Notes
Turn   | Place    | Note
-------+----------+-------------------------------------------
     0 | D:1      | protoss039 the Demonspawn Earth Elementalist began the
                  | quest for the Orb.
     0 | D:1      | Reached XP level 1. HP: 13/13 MP: 3/3
   386 | D:1      | Gained mutation: Your touch may inflict minor irresistible
                  | damage on your foes. [demonic ancestry]
   386 | D:1      | Reached XP level 2. HP: 20/20 MP: 1/5
   458 | D:1      | Reached skill level 3 in Earth Magic
   509 | D:1      | Reached skill level 1 in Fighting
  1114 | D:1      | Learned a level 2 spell: Passwall
  1191 | D:2      | Gained mutation: A weak demonic guardian rushes to your
                  | aid. [demonic ancestry]
  1191 | D:2      | Reached XP level 3. HP: 13/26 MP: 1/6
  1253 | D:$      | Got out of the dungeon alive.

Illustrated notes

Levels and vault maps discovered:
D:1:      dpeg_arrival_simpleton_a, layout_basic
D:2:      layout_basic, st_stairs_3

Skill      XL: |  1  2 |
---------------+-------+-----
Earth Magic    | 3 |  3.1
Fighting       | 1 |  1.4
Dodging        | |  1.7
Stealth        | |  1.7
Spellcasting   | |  2.4
Transmutations | |  0.8

Action                   || total
-------------------------++-------
Melee: Club              ||    26
       Touch             ||     3
 Cast: Sandblast         ||    21
 Stab: Sleeping          ||     3
Armor: Robe              ||     6
Dodge: Dodged            ||    30
